 Dungeon Crawl Stone Soup version 0.19.5 (webtiles) character file.

112 uberloutre the Sneak (level 4, 0/18 HPs)
             Began as a Felid Monk on Mar 3, 2017.
             Was a Believer of Hepliaklqana.
             Slain by an orc
             ... wielding a +0 war axe
              (11 damage)
             ... on level 3 of the Dungeon.
             The game lasted 00:24:49 (2530 turns).

uberloutre the Sneak (Felid Monk)                   Turns: 2530, Time: 00:24:50

Health: 0/18       AC:  1    Str:  8    XL:     4   Next: 64%
Magic:  5/5        EV: 20    Int: 11    God:    Hepliaklqana [**....]
Gold:   95         SH:  0    Dex: 18    Spells: 0 memorised, 3 levels left
                                        Lives:  0   Deaths: 1

rFire  . . .     SeeInvis +       - Unarmed
rCold  . . .     Gourm    .     (armour unavailable)
rNeg   . . .     Faith    .     (shield unavailable)
rPois  .         Spirit   .     (helmet unavailable)
rElec  .         Reflect  .     (cloak unavailable)
rCorr  .         Harm     .     (gloves unavailable)
MR     .....                    (boots unavailable)
Stlth  +++.......               (no amulet)
                                (no ring)
                                (no ring)

@: quick
A: no armour, no weapons or thrown items, stealth, reduced essence, claws 1,
fangs 3, see invisible, carnivore 3, speed 1, shaggy fur 1, slow metabolism 1,
sharp paws
a: Ancestor Life: Knight, Ancestor Life: Battlemage, Ancestor Life: Hexer,
Recall Ancestor, Ancestor Identity, Renounce Religion


You were on level 3 of the Dungeon.
You worshipped Hepliaklqana.
Hepliaklqana was pleased with you.
You were completely stuffed.

You visited 1 branch of the dungeon, and saw 3 of its levels.

You collected 95 gold pieces.

Inventory:

Scrolls
 c - a scroll of noise {unknown}
 d - a scroll of teleportation {unknown}
 f - 2 scrolls of fear {blablabla}
 g - a scroll of enchant weapon {unknown}
 h - a scroll of immolation {unknown}
 k - a scroll of blinking {unknown}
 m - 6 scrolls of remove curse {unknown}
 n - a scroll of amnesia {unknown}
 o - a scroll of recharging {unknown}
 q - 2 scrolls of fog {unknown}
Potions
 b - a potion of lignification {unknown}
 i - a potion of haste {unknown}
Comestibles
 a - a meat ration
 l - 2 beef jerkies
 p - 3 chunks of flesh


   Skills:
 + Level 3.6 Fighting
 + Level 4.5 Dodging
 + Level 4.6 Stealth
 + Level 4.4 Unarmed Combat


You had 3 spell levels left.
You didn't know any spells.

Dungeon Overview and Level Annotations

Branches:
Dungeon (3/15)

Altars:
Ashenzari
Elyvilon
Hepliaklqana
Makhleb
Okawaru
Qazlal
Ru
Sif Muna
Trog


Innate Abilities, Weirdness & Mutations

You cannot wear armour.
You are incapable of wielding weapons or throwing items.
Your paws allow you to move quietly. (Stealth)
You have sharp claws.
You have razor-sharp teeth.
You have supernaturally acute eyesight. (SInv)
You are carnivorous and can eat meat at any time.
You cover ground quickly.
You are covered in fur. (AC +1)
You have a slow metabolism.
Your sharp claws are effective at attacking unaware monsters.
Your life essence is reduced. (-10% HP)


Message History

You closely miss TryAgain's ghost.
TryAgain's ghost is almost destroyed.
TryAgain's ghost barely misses you.
You scratch TryAgain's ghost.
You destroy TryAgain's ghost!
Welcome back to level 4!
Ankherfenedjef remembers more of his old skill.
There is a stone staircase leading up here.
You start resting.
Some of the chunks of flesh in your inventory have rotted away.
You start to feel less resistant.
You start resting.
Your resistance to elements expires.
There is a stone staircase leading up here.
An orc comes into view. It is wielding a war axe.
The orc shouts!
The orc hits you with a war axe.
You scratch the orc but do no damage. The orc hits you with a war axe!
Ouch! That really hurt!
You die...

#.....# .. #..
#.....# #. #..
#.....#
######.####.. ....>
.........##.. ....
#.. ......... #..#
#.# #.#)##.. #.o#
#.####....... #.@#
#..........[.
#..####..#####..##.
#...<....#####..##.
##.####.........##.
#.###########.###.
#.............#...
###############.#.
#.## #.#


You could see an orc.

Vanquished Creatures
  The ghost of TryAgain the Magician, an amateur DEAE (D:3)
  4 adders (D:2)
  An ooze (D:2)
  3 dart slugs
  A leopard gecko (D:2)
  2 giant cockroaches
  5 goblins
  3 hobgoblins
  7 jackals
  7 bats
  2 frilled lizards (D:2)
  5 kobolds
  5 rats
46 creatures vanquished.

Vanquished Creatures (collateral kills)
  A worm (D:2)
  A bat (D:2)
  A goblin (D:2)
  A hobgoblin (D:2)
  2 jackals (D:2)
  A rat (D:2)
7 creatures vanquished.

Vanquished Creatures (others)
  2 ancestors (D:2)
2 creatures vanquished.

Grand Total: 55 creatures vanquished

Notes
Turn   | Place    | Note
-------+----------+-------------------------------------------
     0 | D:1      | uberloutre the Felid Monk began the quest for the Orb.
     0 | D:1      | Reached XP level 1. HP: 10/10 MP: 2/2
   391 | D:1      | Reached XP level 2. HP: 14/14 MP: 3/3
   898 | D:2      | Found a hazy altar of Hepliaklqana.
   900 | D:2      | Reached XP level 3. HP: 17/17 MP: 4/4
   961 | D:2      | Became a worshipper of Hepliaklqana the Forgotten
   961 | D:2      | Reached * piety under Hepliaklqana
   961 | D:2      | Reached ** piety under Hepliaklqana
   983 | D:2      | Found a burning altar of Makhleb.
   984 | D:2      | Found an iron altar of Okawaru.
   984 | D:2      | Found a bloodstained altar of Trog.
   996 | D:2      | Found a stormy altar of Qazlal.
  1031 | D:2      | Found a shattered altar of Ashenzari.
  1034 | D:2      | Found a deep blue altar of Sif Muna.
  1035 | D:2      | Found a white marble altar of Elyvilon.
  1069 | D:2      | Found a sacrificial altar of Ru.
  1599 | D:2      | Reached XP level 4. HP: 18/18 MP: 5/5
  1628 | D:2      | Slain by an adder
  1629 | D:2      | Reached XP level 3. HP: 0/15 MP: 4/4
  1797 | D:2      | Found a shattered altar of Ashenzari.
  2472 | D:3      | Noticed TryAgain's ghost (amateur DEAE)
  2486 | D:3      | Killed TryAgain's ghost
  2486 | D:3      | Reached XP level 4. HP: 14/18 MP: 5/5
  2530 | D:3      | Slain by an orc

Skill      XL: |  1  2  3 |
---------------+----------+-----
Stealth        | 3 4 |  4.6
Unarmed Combat | 4 |  4.4
Fighting       | |  3.6
Dodging        | |  4.5

Action                   |  1- 3 |  4- 6 || total
-------------------------+-------+-------++-------
Melee: Unarmed           |   126 |    11 ||   137
       Punch             |     4 |       ||     4
       Bite              |     1 |       ||     1
  Use: Scroll            |     5 |       ||     5
       Potion            |     1 |     1 ||     2
 Stab: Sleeping          |     9 |       ||     9
       Distracted        |     2 |       ||     2
  Eat: Chunk             |    15 |       ||    15
Armor: Skin              |     4 |       ||     4
Dodge: Dodged            |    90 |    11 ||   101
